 Dungeon Crawl Stone Soup version 0.19-a0-599-g723c685 (webtiles) character file.

26 Ordine the Magician (level 2, -1/15 HPs)
             Began as a Deep Elf Wizard on June 11, 2016.
             Killed by nerve-wracking pain
             ... invoked by Jessica
              (10 damage)
             ... on level 2 of the Dungeon.
             The game lasted 00:05:33 (1340 turns).

Ordine the Magician (Deep Elf Wizard)               Turns: 1340, Time: 00:05:33

Health: -1/15      AC:  2    Str:  4    XL:     2   Next: 89%
Magic:  0/10       EV: 18    Int: 22    God:
Gold:   108        SH:  0    Dex: 18    Spells: 2 memorised, 8 levels left

rFire  . . .     SeeInvis .     l - +1 dagger
rCold  . . .     Gourm    .     a - +0 robe
rNeg   . . .     Faith    .     (no shield)
rPois  .         Spirit   .     b - +0 hat
rElec  .         Dismiss  .     (no cloak)
rCorr  .         Reflect  .     (no gloves)
SustAt .         Harm     .     (no boots)
MR     .....                    (no amulet)
Stlth  +++.......               (no ring)
                                (no ring)

@: agile, very slightly contaminated, not resistant to hostile enchantments,
fairly stealthy
A: no striking features
a: no special abilities


You were on level 2 of the Dungeon.
You were not hungry.

You visited 1 branch of the dungeon, and saw 2 of its levels.

You collected 108 gold pieces.

Inventory:

Hand Weapons
 l - a +1 dagger (weapon)
Armour
 a - a +0 robe (worn)
 b - a +0 hat (worn)
 i - a cursed +0 buckler
Scrolls
 k - a scroll of remove curse
 q - a scroll of enchant weapon
Potions
 f - a potion of mutation {unknown}
 j - 2 potions of brilliance {unknown}
 n - a potion of curing
 o - a potion of berserk rage {unknown}
 p - 2 potions of magic {unknown}
Books
 c - a book of Minor Magic

   Spells                             Type                      Level
   a - Magic Dart                     Conjuration                  1
   b - Blink                          Translocation                2
   c - Call Imp                       Summoning                    2
   d - Repel Missiles                 Charms/Air                   2
   e - Slow                           Hexes                        2
   f - Conjure Flame                  Conjuration/Fire             3
   g - Mephitic Cloud                 Conjuration/Poison/Air       3
Comestibles
 d - 4 bread rations
 g - 2 meat rations
 h - a slice of pizza


   Skills:
 - Level 2.4 Dodging
 - Level 2.4 Stealth
 * Level 5.2 Spellcasting
 + Level 1.9 Conjurations
   Level 1.1 Summonings
 + Level 1.5 Translocations


You had 8 spell levels left.
You knew the following spells:

 Your Spells              Type           Power        Failure   Level  Hunger
a - Magic Dart            Conj           ##..         6%          1    None
b - Blink                 Tloc           N/A          10%         2    None


Dungeon Overview and Level Annotations

Branches:
Dungeon (2/15)

Altars:

Annotations:
D:2 Jessica


Message History

You feel agile all of a sudden. Jessica gestures at you while chanting.
You resist with some effort.
Casting: Magic Dart
Confirm with . or Enter, or press ? or * to list all spells.
Aiming: Magic Dart
Press: ? - help, Shift-Dir - straight line, f/p - Jessica
Aim: Jessica, wearing a robe (moderately wounded)
The magic dart hits Jessica.
Jessica is heavily wounded.
Jessica misses you.
You barely miss Jessica.
Jessica is heavily wounded.
Jessica hits you.
You hit Jessica but do no damage.
Jessica is heavily wounded.
Jessica gestures at you while chanting. Pain shoots through your body!
Ouch! That really hurt!
You die...

...## #...#.#.###.#.# #.#
#...# #...#.#...# # #.# ..#.#
#.#.###.###.## #.# ....##
####+#............ #<# .....#
#.......(......... ###
.....## #......###.###.#.#
......# #........#.# #
....#.## #......###.###.###.
....#..# #......@@......†...
....##.# #........#######.##
....##)###........# #.#
###.#.............#### #.#
#.'................####.#
###......##........#....#####
#......##.#####...........#
####..###.............###.#
##.##....#...#......##.##


You could see Jessica.

Vanquished Creatures
  A dart slug (D:2)
  2 bats
  3 giant cockroaches
  3 goblins
  5 hobgoblins
  A quokka (D:2)
  2 giant newts
  2 kobolds
  3 rats
22 creatures vanquished.

Notes
Turn   | Place    | Note
--------------------------------------------------------------
     0 | D:1      | Ordine the Deep Elf Wizard began the quest for the Orb.
     0 | D:1      | Reached XP level 1. HP: 10/10 MP: 7/7
   188 | D:1      | Reached XP level 2. HP: 14/15 MP: 0/9
   194 | D:1      | Learned a level 2 spell: Blink
   410 | D:1      | Reached skill level 5 in Spellcasting
  1319 | D:2      | Noticed Jessica
  1340 | D:2      | Killed from afar by Jessica

Vault maps used:
D:1:      mrwooster_arrival_statue_2
D:2:      first_bread, hangedman_decor_lopped, minmay_misc_feat_nine_boxes,
          minmay_misc_feat_roman, uniq_jessica

Skill      XL: |  1  2 |
---------------+-------+-----
Spellcasting   | 5 |  5.2
Dodging        | |  2.4
Stealth        | |  2.4
Conjurations   | |  1.9
Summonings     | |  1.1
Translocations | |  1.5

Action                   || total
-------------------------++-------
Melee: Dagger            ||     6
 Cast: Magic Dart        ||    69
  Use: Scroll            ||     4
       Potion            ||     2
  Eat: Chunk             ||     1
Armor: Robe              ||     4
Dodge: Dodged            ||    13
